 Dungeon Crawl Stone Soup version 0.18.1-5-g4a78601 (webtiles) character file.

18 vmsobchuk the Chopper (level 2, -1/27 HPs)
             Began as a Minotaur Berserker on May 13, 2016.
             Was a Follower of Trog.
             Hit by a stone thrown by a hobgoblin (4 damage)
             ... on level 1 of the Dungeon.
             The game lasted 00:05:05 (517 turns).

vmsobchuk the Chopper (Minotaur Berserker)           Turns: 517, Time: 00:05:05

Health: -1/27      AC:  2    Str: 21    XL:     2   Next: 48%
Magic:  1/1        EV: 12    Int:  4    God:    Trog [*.....]
Gold:   71         SH:  0    Dex:  9    Spells: 0 memorised, 1 level left

rFire  . . .     SeeInvis .     i - -3 hand axe (curse)
rCold  . . .     Gourm    .     b - +0 animal skin
rNeg   . . .     Faith    .     (no shield)
rPois  .         Spirit   .     (helmet restricted)
rElec  .         Dismiss  .     (no cloak)
rCorr  .         Reflect  .     (no gloves)
SustAt .         Harm     .     (no boots)
MR     .....                    (no amulet)
Stlth  +.........               (no ring)
                                (no ring)

@: not resistant to hostile enchantments, very unstealthy
A: retaliatory headbutt, horns 2
a: Berserk, Burn Spellbooks, Renounce Religion


You were on level 1 of the Dungeon.
You worshipped Trog.
Trog was aware of your devotion.
You were not hungry.

You visited 1 branch of the dungeon, and saw 1 of its levels.

You collected 71 gold pieces.

Inventory:

Hand Weapons
 a - a +0 hand axe
 i - a cursed -3 hand axe (weapon)
Missiles
 j - a stone (quivered)
Armour
 b - a +0 animal skin (worn)
Jewellery
 h - a cursed -2 ring of slaying {unknown}
Scrolls
 d - a scroll of remove curse {unknown}
 g - a scroll of fog {unknown}
Potions
 e - a potion of degeneration {unknown}
Comestibles
 c - a bread ration
 f - a meat ration


   Skills:
 + Level 3.7 Fighting
 * Level 4.2 Axes
 + Level 2.6 Armour
 + Level 2.5 Dodging


You had one spell level left.
You didn't know any spells.

Dungeon Overview and Level Annotations

Branches:
Dungeon (1/15)

Altars:
Ashenzari


Innate Abilities, Weirdness & Mutations

You reflexively headbutt those who attack you in melee.
You have a pair of horns on your head.


Message History

The hobgoblin is moderately wounded.
Throwing (i - inventory):
j - 4 stones (quivered)
Press: ? - help, Shift-Dir - straight line, f/p - hobgoblin
Aim: a hobgoblin, wielding a club (moderately wounded)
You throw a stone.
The stone hits the hobgoblin but does no damage.
The hobgoblin is moderately wounded.
The hobgoblin throws a stone.
The stone closely misses you.
Throwing (i - inventory):
j - 3 stones (quivered)
Press: ? - help, Shift-Dir - straight line, f/p - hobgoblin
Aim: a hobgoblin, wielding a club (moderately wounded)
You throw a stone. The stone barely misses the hobgoblin.
The hobgoblin throws a stone.
The stone hits you.
* * * LOW HITPOINT WARNING * * *
Throwing (i - inventory):
j - 2 stones (quivered)
Press: ? - help, Shift-Dir - straight line, f/p - hobgoblin
Aim: a hobgoblin, wielding a club (moderately wounded)
You throw a stone. The stone barely misses the hobgoblin.
The hobgoblin throws a stone.
The stone hits you.
You die...

####...## ##.## #.#
### #..(.# #..# #.#
##.. #..(.#
##.###.# ##..#
####.## #..##.#
##..## #.(###
##.##.# ##..##
.........#..g.#
#.[#.###..## #
........#####.#
##)#.##..## ##
#.......#
#.#####.#.##.## ##.
+..._...+
#.@.......#..# ##..
#........
#.######.##.####...
#.....[.#####.#
#.#..###....
.........#....#
#.#.###.....
##'##.⌠#.)..#
#.#.##......
##.....##.####
#.#.#......#
....?...†..#
#.#.......##
..#...#..###
#.....>..##
##+##.##
#.#.......##


You could see a hobgoblin.

Vanquished Creatures
  An ooze (D:1)
  A giant gecko (D:1)
  2 bats (D:1)
  A giant cockroach (D:1)
  A goblin (D:1)
  2 hobgoblins (D:1)
  2 giant newts (D:1)
  A kobold (D:1)
  2 rats (D:1)
13 creatures vanquished.

Notes
Turn   | Place    | Note
--------------------------------------------------------------
     0 | D:1      | vmsobchuk the Minotaur Berserker began the quest for the Orb.
     0 | D:1      | Reached XP level 1. HP: 19/19 MP: 0/0
   316 | D:1      | Reached skill level 4 in Axes
   333 | D:1      | Reached XP level 2. HP: 17/27 MP: 1/1
   473 | D:1      | Found a shattered altar of Ashenzari.
   517 | D:1      | Hit by a stone thrown by a hobgoblin

Skill      XL: |  1 |
---------------+----+-----
Axes           | 4 |  4.2
Fighting       | |  3.7
Armour         | |  2.6
Dodging        | |  2.5

Action                   || total
-------------------------++-------
Melee: Hand axe          ||    32
       Headbutt          ||     6
Throw: Stone             ||    11
Armor: Animal skin       ||     9
Dodge: Dodged            ||    20
